[Event "Titled Tuesday Blitz November 22 Late 2022"]
[White "Yi, Richard"]
[Black "Jobava, Baadur"]
[WhiteFideId "2079518"]
[BlackFideId "13601520"]
[WhiteElo "2147"]
[BlackElo "2582"]
[Result "0-1"]
[Round "01"]
[TimeControl "180+1"]
[Date "2022.11.22"]
[WhiteClock "0:00:02"]
[BlackClock "0:00:07"]

1. d4 Nf6 2. c4 c5 3. d5 g6 4. Nc3 Bg7 5. e4 d6 6. f3 O-O 7. Bg5 h6 8. Be3 Kh7 9. Qd2 e6 10. Nge2 exd5 11. cxd5 a6 12. a4 Nbd7 13. Ng3 Rb8 14. Be2 Re8 15. O-O Ne5 16. h3 Ned7 17. f4 h5 18. Bf3 b5 19. axb5 axb5 20. e5 dxe5 21. f5 Nb6 22. fxg6+ fxg6 23. Bxc5 Nc4 24. Qc2 h4 25. Nge4 Bf5 26. Ra7 Rc8 27. Bf2 Nd6 28. Bxh4 Ndxe4 29. Bxe4 Bxe4 30. Qf2 Bf5 31. g4 Rc7 32. gxf5 Rxa7 33. Qxa7 e4 34. fxg6+ Kxg6 35. Qe3 Qd6 36. Nxb5 Qe5 37. Nd4 Nxd5 38. Qg5+ Qxg5+ 39. Bxg5 Bxd4+ 40. Kh1 Kxg5 41. Rd1 e3 0-1


[Site "https://www.chess.com"]

[Event "Titled Tuesday Blitz November 22 Late 2022"]
[White "Yurovskykh, Oleksandr"]
[Black "Marcolino, Daniel Mattos"]
[WhiteFideId "14134020"]
[BlackFideId "2106841"]
[WhiteElo "2265"]
[BlackElo "2086"]
[Result "1-0"]
[Round "01"]
[TimeControl "180+1"]
[Date "2022.11.23"]
[WhiteClock "0:00:56"]
[BlackClock "0:00:43"]

1. g3 d5 2. Bg2 Nf6 3. d3 e6 4. Nd2 b6 5. e4 Bb7 6. Qe2 Nbd7 7. e5 Ng8 8. Ngf3 Ne7 9. O-O Ng6 10. Re1 h5 11. h4 c5 12. b3 Be7 13. Bb2 Qc7 14. Ng5 Bxg5 15. hxg5 h4 16. f4 O-O-O 17. Qg4 hxg3 18. Qxg3 Ne7 19. Nf3 Nf5 20. Qf2 Rh5 21. Kf1 Rdh8 22. Ke2 d4 23. Rh1 Ne3 24. Rxh5 Rxh5 25. Kd2 Qc6 26. Rh1 Nxg2 27. Rxh5 Qxf3 28. Qxf3 Bxf3 29. Rh7 Kd8 30. Rxg7 Ke7 31. g6 Nxf4 32. Rxf7+ Ke8 33. Rxf4 Nxe5 34. g7 1-0


[Site "https://www.chess.com"]

[Event "Titled Tuesday Blitz November 22 Late 2022"]
[White "Zakarian, David"]
[Black "Suder, Jakub"]
[WhiteFideId "13301276"]
[BlackFideId "1195310"]
[WhiteElo "2304"]
[BlackElo "2243"]
[Result "0-1"]
[Round "01"]
[TimeControl "180+1"]
[Date "2022.11.23"]
[WhiteClock "0:01:40"]
[BlackClock "0:01:48"]

1. d4 d5 2. c4 dxc4 3. Nf3 a6 4. a4 Nc6 5. e3 e5 6. dxe5 Qxd1+ 7. Kxd1 Be6 8. Nc3 O-O-O+ 9. Bd2 Nge7 10. e4 Ng6 11. Ng5 Ncxe5 12. f4 Nxf4 13. Nxe6 fxe6 14. Kc2 Nfd3 15. g3 Bb4 16. Bh3 Rhe8 17. Rhf1 Kb8 18. Bg5 Be7 19. Bd2 Nb4+ 20. Kd1 Bg5 21. Rf2 Ned3 0-1


[Site "https://www.chess.com"]

[Event "Titled Tuesday Blitz November 22 Late 2022"]
[White "Zhigalko, Sergei"]
[Black "Hnydiuk, Aleksander"]
[WhiteFideId "13502956"]
[BlackFideId "1109057"]
[WhiteElo "2662"]
[BlackElo "2374"]
[Result "1-0"]
[Round "01"]
[TimeControl "180+1"]
[Date "2022.11.23"]
[WhiteClock "0:01:25"]
[BlackClock "0:00:10"]

1. e4 e5 2. Nf3 Nf6 3. d4 Nxe4 4. Bd3 d5 5. Nxe5 Nd7 6. Nxd7 Bxd7 7. O-O Bd6 8. Nc3 Nxc3 9. bxc3 O-O 10. Qh5 f5 11. Re1 Qf6 12. Qf3 f4 13. Qxd5+ Kh8 14. Qxb7 f3 15. g3 Rae8 16. Bd2 Qf7 17. Re4 Rb8 18. Qa6 Bf5 19. Rh4 Qe7 20. Bxf5 Rxf5 21. Qd3 Qf7 22. Re1 h6 23. c4 c5 24. d5 Be5 25. Rhe4 Bd4 26. Be3 Bxe3 27. Qxe3 Kh7 28. Qd3 Qg6 29. Re6 1-0


[Site "https://www.chess.com"]

[Event "Titled Tuesday Blitz November 22 Late 2022"]
[White "Zhu, Jiner"]
[Black "Ward, Ieuan C"]
[WhiteFideId "8608059"]
[BlackFideId "406627"]
[WhiteElo "2384"]
[BlackElo "2349"]
[Result "1-0"]
[Round "01"]
[TimeControl "180+1"]
[Date "2022.11.23"]
[WhiteClock "0:01:22"]
[BlackClock "0:00:15"]

1. e4 c5 2. Nc3 Nc6 3. Nge2 g6 4. d4 cxd4 5. Nxd4 Bg7 6. Be3 a6 7. Bc4 e6 8. Bb3 Nge7 9. Qd2 O-O 10. O-O-O Qc7 11. h4 Nxd4 12. Bxd4 h5 13. Kb1 b5 14. g4 b4 15. Ne2 Bb7 16. Ng3 e5 17. Be3 hxg4 18. h5 d5 19. hxg6 Nxg6 20. exd5 Nf4 21. Nf5 Rfd8 22. Nxg7 Kxg7 23. Bxf4 exf4 24. Qd4+ f6 25. d6 Qa5 26. Rhe1 Qg5 27. Re7+ Kg6 28. Rxb7 1-0


[Site "https://www.chess.com"]

[Event "Titled Tuesday Blitz November 22 Late 2022"]
[White "Abdrlauf, Elham"]
[Black "Forgacs, Attila Jr."]
[WhiteFideId "1533533"]
[BlackFideId "773654"]
[WhiteElo "2447"]
[BlackElo "2168"]
[Result "1-0"]
[Round "02"]
[TimeControl "180+1"]
[Date "2022.11.23"]
[WhiteClock "0:00:39"]
[BlackClock "0:00:34"]

1. g3 g6 2. Bg2 Bg7 3. e3 Nf6 4. Ne2 O-O 5. O-O d6 6. d4 Nbd7 7. c4 e5 8. Nbc3 c6 9. b3 Re8 10. Ba3 Qc7 11. Rc1 b6 12. Nb5 cxb5 13. Bxa8 bxc4 14. Bg2 b5 15. bxc4 bxc4 16. dxe5 dxe5 17. Nc3 Nc5 18. Nd5 Nxd5 19. Qxd5 Na6 20. Qc6 Qxc6 21. Bxc6 Rd8 22. Rfd1 Rxd1+ 23. Rxd1 Bf6 24. Bb5 c3 25. Bxa6 Bxa6 26. Rd6 Be7 27. Rxa6 c2 28. Bc1 1-0


[Site "https://www.chess.com"]

[Event "Titled Tuesday Blitz November 22 Late 2022"]
[White "Aguilar, Juan"]
[Black "Garcia Pantoja, Roberto"]
[WhiteFideId "3800091"]
[BlackFideId "3509265"]
[WhiteElo "2484"]
[BlackElo "2524"]
[Result "0-1"]
[Round "02"]
[TimeControl "180+1"]
[Date "2022.11.23"]
[WhiteClock "0:01:12"]
[BlackClock "0:02:02"]

1. d4 Nf6 2. c4 e6 3. Nf3 d5 4. g3 Be7 5. Bg2 O-O 6. O-O dxc4 7. Qc2 a6 8. a4 Nc6 9. Qxc4 Na5 10. Qc2 b6 11. Ne5 Bb7 12. Bxb7 Nxb7 13. Nc6 Qe8 14. e4 Bc5 15. dxc5 Qxc6 16. Nc3 Nxc5 17. Re1 Rad8 18. Bg5 Nd3 19. Re3 Ne5 20. Bxf6 gxf6 21. Qe2 Nc4 22. Rf3 Rd2 23. Qe1 Kg7 24. b3 Ne5 25. Re3 Rfd8 26. Rd1 Qxc3 0-1


[Site "https://www.chess.com"]

[Event "Titled Tuesday Blitz November 22 Late 2022"]
[White "Ai, Evan"]
[Black "Popilski, Gil"]
[WhiteFideId "2094770"]
[BlackFideId "2809060"]
[WhiteElo "1963"]
[BlackElo "2537"]
[Result "0-1"]
[Round "02"]
[TimeControl "180+1"]
[Date "2022.11.23"]
[WhiteClock "0:00:03"]
[BlackClock "0:01:09"]

1. e4 e5 2. Nf3 Nf6 3. Nxe5 d6 4. Nf3 Nxe4 5. Nc3 Nxc3 6. dxc3 Be7 7. Be3 O-O 8. Qd2 Nd7 9. Bd3 Nf6 10. h3 Be6 11. O-O-O c6 12. Kb1 Bd5 13. c4 Be4 14. Nd4 Qd7 15. f3 Bg6 16. g4 d5 17. Bf5 Qc7 18. h4 dxc4 19. h5 Bxf5 20. Nxf5 Rfd8 21. Qe2 Nd5 22. Bd4 Bf6 23. h6 g6 24. Bxf6 Nxf6 25. Qe3 Re8 26. Qc3 Qe5 27. Nd4 Nd5 28. Qa3 c3 29. b3 Rad8 30. Qxa7 Ne3 31. Rd3 c5 32. Nb5 Rxd3 33. cxd3 c2+ 34. Kc1 Qa1+ 35. Kd2 Qxh1 0-1


[Site "https://www.chess.com"]

[Event "Titled Tuesday Blitz November 22 Late 2022"]
[White "Alexikov, Alexander"]
[Black "Aung Thant Zin"]
[WhiteFideId "14103958"]
[BlackFideId "13000063"]
[WhiteElo "2222"]
[BlackElo "2278"]
[Result "0-1"]
[Round "02"]
[TimeControl "180+1"]
[Date "2022.11.23"]
[WhiteClock "0:00:07"]
[BlackClock "0:00:20"]

1. e4 c5 2. Nf3 Nc6 3. Bb5 e6 4. O-O Nge7 5. Nc3 a6 6. Be2 d5 7. d3 b5 8. Bg5 d4 9. Nb1 Bb7 10. Nbd2 Qc7 11. Bh4 Ng6 12. Bg3 Bd6 13. Re1 h5 14. Bf1 h4 15. Bxd6 Qxd6 16. a4 Nf4 17. Qb1 Ne5 18. Nxe5 Qxe5 19. axb5 axb5 20. Rxa8+ Bxa8 21. c3 Nh3+ 22. gxh3 Qg5+ 23. Bg2 Qxd2 24. cxd4 cxd4 25. Rd1 Qb4 26. Rc1 O-O 27. Qc2 Bb7 28. Qe2 Ra8 29. f4 Ra2 30. Rc2 Ra1+ 31. Bf1 Qd6 32. Qf2 Qe7 33. Qf3 f5 34. Rg2 fxe4 35. dxe4 Re1 36. Re2 Rb1 37. Kf2 Qc5 38. Qd3 b4 39. Bg2 Rc1 40. Qf3 d3+ 41. Re3 Rc2+ 42. Kg1 d2 0-1


[Site "https://www.chess.com"]

[Event "Titled Tuesday Blitz November 22 Late 2022"]
[White "Ankerst, Mihael"]
[Black "Horobetz, Graham"]
[WhiteFideId "14602369"]
[BlackFideId "2047322"]
[WhiteElo "2350"]
[BlackElo "2615"]
[Result "0-1"]
[Round "02"]
[TimeControl "180+1"]
[Date "2022.11.23"]
[WhiteClock "0:00:07"]
[BlackClock "0:00:08"]

1. e4 c5 2. Nf3 d6 3. d4 cxd4 4. Nxd4 Nf6 5. Nc3 a6 6. Bc4 e6 7. Bb3 Be7 8. g4 h6 9. Rg1 b5 10. f3 Bb7 11. h4 Nc6 12. g5 hxg5 13. hxg5 Nd7 14. Bxe6 fxe6 15. Nxe6 Qb6 16. Nxg7+ Kf7 17. Kf1 Rh2 18. Qe1 Kxg7 19. Nd5 Rf8 20. Qg3 Qd4 21. Qxh2 Qd1+ 22. Kf2 Qxf3+ 23. Ke1 Qxe4+ 24. Ne3 Rh8 25. Qg2 Qxg2 26. Nxg2 Nd4 27. Kd2 Nf3+ 28. Kd3 Nxg1 29. Be3 Nf3 30. Nf4 Bxg5 31. Ne6+ Kf6 32. Nxg5 Nxg5 33. Rf1+ Kg6 34. Rg1 Ne5+ 35. Kc3 Nf3 36. Rd1 Rc8+ 37. Kb3 Rc6 38. a4 bxa4+ 39. Kxa4 d5 40. c3 Rc4+ 41. Kb3 Bc6 0-1


[Site "https://www.chess.com"]

[Event "Titled Tuesday Blitz November 22 Late 2022"]
[White "Ansh M Shah"]
[Black "Vargas, Mauricio"]
[WhiteFideId "25033379"]
[BlackFideId "4404572"]
[WhiteElo "2084"]
[BlackElo "2025"]
[Result "1-0"]
[Round "02"]
[TimeControl "180+1"]
[Date "2022.11.23"]
[WhiteClock "0:01:32"]
[BlackClock "0:01:17"]

1. d4 d5 2. c4 c6 3. cxd5 e6 4. Nc3 exd5 5. Nf3 Bd6 6. Bg5 Nf6 7. Qc2 h6 8. Bh4 Nbd7 9. e3 Nf8 10. Bd3 Bg4 11. Ne5 Be6 12. a3 Qc7 13. f4 Ng4 14. f5 Nxe3 15. Qe2 Nxf5 16. Bxf5 Bxf5 17. O-O Rg8 18. Rxf5 g5 19. Nxf7+ Kd7 20. Nxd6 Qxd6 21. Rf7+ Kd8 22. Bg3 Qe6 23. Rxf8+ Rxf8 24. Qxe6 Rc8 25. Re1 1-0


[Site "https://www.chess.com"]

[Event "Titled Tuesday Blitz November 22 Late 2022"]
[White "Antonio, Jorge Carlos"]
[Black "Gonzalez, Francisco Silva"]
[WhiteFideId "113190"]
[BlackFideId "1512285"]
[WhiteElo "2247"]
[BlackElo "2159"]
[Result "0-1"]
[Round "02"]
[TimeControl "180+1"]
[Date "2022.11.23"]
[WhiteClock "0:00:34"]
[BlackClock "0:01:55"]

1. d4 Nf6 2. Nf3 d5 3. Bf4 c5 4. e3 Nc6 5. c3 Qb6 6. Qb3 c4 7. Qxb6 axb6 8. Nbd2 Bf5 9. Nh4 Bd7 10. e4 b5 11. e5 Ng8 12. a3 h6 13. Be3 g5 14. Nhf3 Bf5 15. Be2 e6 16. O-O Nge7 17. h3 Nc8 18. Nh2 Nb6 19. Bg4 Bg6 20. Bd1 Na4 21. Bxa4 bxa4 22. f4 gxf4 23. Bxf4 Na5 24. Rf2 Nb3 25. Nxb3 axb3 26. Raf1 h5 27. Bg5 b5 28. Nf3 Bd3 29. Re1 Rg8 30. Bf6 Bf5 31. Kh2 Bh6 32. Nh4 Bd3 33. Rf3 Bh7 34. Ref1 Ra7 35. Rg3 Rxg3 36. Kxg3 b4 37. axb4 Ra2 38. Rf2 Bc1 39. Kh2 Bxb2 40. Rf3 Bc1 41. b5 b2 0-1


[Site "https://www.chess.com"]

[Event "Titled Tuesday Blitz November 22 Late 2022"]
[White "Araujo Sanchez, Josue"]
[Black "Gareyev, Timur"]
[WhiteFideId "6416896"]
[BlackFideId "14200937"]
[WhiteElo "2370"]
[BlackElo "2552"]
[Result "1/2-1/2"]
[Round "02"]
[TimeControl "180+1"]
[Date "2022.11.23"]
[WhiteClock "0:00:13"]
[BlackClock "0:00:15"]

1. e4 c5 2. Nf3 e6 3. c3 d5 4. exd5 exd5 5. Bb5+ Nc6 6. O-O Bd6 7. d4 cxd4 8. Nxd4 Ne7 9. Nd2 O-O 10. N2f3 h6 11. Re1 Bc7 12. h3 Qd6 13. Be3 a6 14. Bf1 Nf5 15. Nxf5 Bxf5 16. Qa4 Be4 17. Be2 Rfe8 18. Rad1 b5 19. Qb3 Na5 20. Qb4 Qxb4 21. cxb4 Nc4 22. Bxc4 dxc4 23. Bd4 Bxf3 24. gxf3 f6 25. Kf1 Rad8 26. Rxe8+ Rxe8 27. Bc3 Re7 28. Rd5 Bf4 29. Rd8+ Kf7 30. Ra8 Re6 31. Ra7+ Kg6 32. Rd7 Rd6 33. Ra7 Bd2 34. Ke2 Bxc3 35. bxc3 h5 36. h4 Kh6 37. Re7 g5 38. Re4 Kg6 39. hxg5 fxg5 40. f4 Kf5 41. f3 gxf4 42. Re8 Re6+ 43. Rxe6 Kxe6 44. Kf2 a5 45. a3 axb4 46. axb4 Kf5 47. Kg2 Kg6 48. Kh2 Kg5 49. Kh3 Kg6 50. Kh4 Kh6 51. Kh3 Kg6 52. Kh4 Kh6 53. Kh3 1/2-1/2


[Site "https://www.chess.com"]

[Event "Titled Tuesday Blitz November 22 Late 2022"]
[White "Arbunic Castro, Giovanna"]
[Black "Krzywda, Andrzej"]
[WhiteFideId "3400549"]
[BlackFideId "1114565"]
[WhiteElo "1978"]
[BlackElo "2149"]
[Result "0-1"]
[Round "02"]
[TimeControl "180+1"]
[Date "2022.11.23"]
[WhiteClock "0:00:15"]
[BlackClock "0:01:07"]

1. e4 c5 2. g3 g6 3. Bg2 Bg7 4. Ne2 Nc6 5. c3 e5 6. O-O Nge7 7. d3 d5 8. Bg5 h6 9. Bd2 Be6 10. Qc1 Qd7 11. b4 cxb4 12. cxb4 d4 13. b5 Nd8 14. a4 Rc8 15. Qa3 O-O 16. Bb4 Re8 17. f4 Bg4 18. Re1 Bxe2 19. Rxe2 exf4 20. gxf4 Nd5 21. Bd6 Qg4 22. Rf2 Ne3 23. Nd2 Nc2 24. Qc1 Nxa1 25. Qxa1 Rc3 26. e5 Ne6 27. Qf1 Rec8 28. f5 Rc1 29. fxe6 Rxf1+ 30. Nxf1 fxe6 31. Kh1 Rc1 32. h3 Qg3 33. Rf3 Qe1 34. Rf4 Bxe5 35. Bxe5 Qxe5 36. Re4 Qf5 37. Kh2 Rxf1 0-1


[Site "https://www.chess.com"]

[Event "Titled Tuesday Blitz November 22 Late 2022"]
[White "Ardila, Oscar Humberto"]
[Black "Lopez Gracia, Fernando"]
[WhiteFideId "4404742"]
[BlackFideId "2207184"]
[WhiteElo "1959"]
[BlackElo "2476"]
[Result "1-0"]
[Round "02"]
[TimeControl "180+1"]
[Date "2022.11.23"]
[WhiteClock "0:02:09"]
[BlackClock "0:01:42"]

1. d4 Nf6 2. c4 e6 3. Nc3 Bb4 4. Bd2 c5 5. dxc5 Bxc5 6. Nf3 b6 7. e3 Bb7 8. Be2 O-O 9. O-O d5 10. cxd5 Nxd5 11. Nxd5 Bxd5 12. Bc3 Nc6 13. a3 a5 14. Qa4 Ne7 15. Qg4 Ng6 16. h4 f5 17. Qh3 Be7 18. h5 Nh8 19. Ne5 Bf6 20. Rad1 Nf7 21. Nc6 Qc7 22. Bxf6 Qxc6 23. Qg3 g6 24. hxg6 Nh6 25. gxh7+ Kxh7 26. Qg7# 1-0


[Site "https://www.chess.com"]

[Event "Titled Tuesday Blitz November 22 Late 2022"]
[White "Arnold, Ken"]
[Black "Fernandez Guillen, Ernesto J."]
[WhiteFideId "2056836"]
[BlackFideId "3512428"]
[WhiteElo "2361"]
[BlackElo "2450"]
[Result "0-1"]
[Round "02"]
[TimeControl "180+1"]
[Date "2022.11.23"]
[WhiteClock "0:00:12"]
[BlackClock "0:00:11"]

1. d4 Nf6 2. c4 g6 3. Nf3 Bg7 4. Nc3 d5 5. cxd5 Nxd5 6. e4 Nxc3 7. bxc3 O-O 8. Be2 c5 9. Be3 Qa5 10. Qd2 Rd8 11. Rd1 Bg4 12. O-O Nc6 13. Qb2 Qb6 14. Qa1 Bxf3 15. dxc5 Qa5 16. Bxf3 Bxc3 17. Qb1 Qc7 18. Qb3 Bd4 19. Be2 Bxe3 20. Qxe3 Rxd1 21. Rxd1 Rd8 22. Rd5 e6 23. Rxd8+ Qxd8 24. g3 Qa5 25. Bc4 Ne5 26. Bb3 Nd7 27. Qd4 Nxc5 28. h4 Qe1+ 29. Kh2 Nxe4 30. Qd8+ Kg7 31. Qd4+ Nf6 32. Qxa7 Ng4+ 33. Kg2 Qe4+ 34. Kg1 Ne5 35. Qa5 Nf3+ 36. Kf1 Nh2+ 37. Kg1 Nf3+ 38. Kf1 Qd4 39. Kg2 Nd2 40. Qg5 Ne4 41. Qf4 Qd3 42. Qf3 Qxf3+ 43. Kxf3 Nd2+ 44. Kf4 Nxb3 45. axb3 Kf6 46. h5 e5+ 47. Ke4 Ke6 48. hxg6 hxg6 49. g4 f5+ 50. gxf5+ gxf5+ 51. Ke3 Kd5 52. f3 Kc5 53. Kd3 Kb4 54. Kc2 e4 55. fxe4 fxe4 0-1


[Site "https://www.chess.com"]

[Event "Titled Tuesday Blitz November 22 Late 2022"]
[White "Artemenko, Oleg"]
[Black "Thomas, Anysia"]
[WhiteFideId "14201798"]
[BlackFideId "670472"]
[WhiteElo "2287"]
[BlackElo "2069"]
[Result "1-0"]
[Round "02"]
[TimeControl "180+1"]
[Date "2022.11.23"]
[WhiteClock "0:02:18"]
[BlackClock "0:00:26"]

1. d4 Nf6 2. Nc3 d5 3. Bf4 g6 4. e3 Bg7 5. h4 h5 6. Nf3 Bg4 7. Be2 O-O 8. Ne5 Bxe2 9. Qxe2 Nbd7 10. O-O-O a5 11. g4 Nxe5 12. dxe5 Nxg4 13. Nxd5 Qb8 14. Nxe7+ Kh7 15. Rdg1 Nxe5 16. Rg5 Ng4 17. Rxg4 hxg4 18. h5 g5 19. Qxg4 Ra6 20. Qf5+ Kh8 21. h6 Bf6 22. Be5 Bxe5 23. Qxe5+ f6 24. Qf5 Qd8 25. Ng6+ Kg8 26. h7+ Kg7 27. Nxf8 Qxf8 28. h8=Q+ Qxh8 29. Qd7+ 1-0


[Site "https://www.chess.com"]

[Event "Titled Tuesday Blitz November 22 Late 2022"]
[White "Banzea, Alexandru-Bogdan"]
[Black "Baskakov, Egor"]
[WhiteFideId "1232622"]
[BlackFideId "24197866"]
[WhiteElo "2294"]
[BlackElo "2211"]
[Result "1-0"]
[Round "02"]
[TimeControl "180+1"]
[Date "2022.11.23"]
[WhiteClock "0:02:34"]
[BlackClock "0:02:32"]

1. d4 Nf6 2. Bf4 e6 3. e3 d5 4. Nf3 Be7 5. Nbd2 Ne4 6. Bd3 f5 7. Ne5 O-O 8. f3 Nxd2 9. Qxd2 Nd7 10. c3 Nxe5 11. Bxe5 Bd6 12. f4 Bxe5 13. fxe5 Qe7 14. O-O-O c5 15. g4 cxd4 16. exd4 fxg4 17. Rdg1 Bd7 18. Rxg4 Rf7 19. Rhg1 Raf8 20. Qh6 Rf1+ 21. Rxf1 1-0


[Site "https://www.chess.com"]

[Event "Titled Tuesday Blitz November 22 Late 2022"]
[White "Barria Zuniga, Daniel"]
[Black "Liu, Kelsey"]
[WhiteFideId "3400816"]
[BlackFideId "30944481"]
[WhiteElo "2414"]
[BlackElo "2333"]
[Result "1-0"]
[Round "02"]
[TimeControl "180+1"]
[Date "2022.11.23"]
[WhiteClock "0:01:58"]
[BlackClock "0:00:07"]

1. d4 Nf6 2. c4 e6 3. Nf3 b6 4. g3 Bb7 5. Bg2 Be7 6. Nc3 O-O 7. Qc2 a5 8. e4 Na6 9. O-O Nb4 10. Qe2 d5 11. exd5 exd5 12. Ne5 Bd6 13. a3 Nc6 14. Nxc6 Bxc6 15. Bg5 Be7 16. Rad1 Qd7 17. Bxf6 Bxf6 18. Bxd5 Rfe8 19. Qf3 Bxd5 20. Nxd5 Bd8 21. Rd3 c6 22. Ne3 Bc7 23. Rfd1 Re6 24. d5 cxd5 25. Nxd5 Qe8 26. Nxc7 1-0


[Site "https://www.chess.com"]

[Event "Titled Tuesday Blitz November 22 Late 2022"]
[White "Bayo Milagro, Alvaro"]
[Black "Zeman, Matyas"]
[WhiteFideId "22275240"]
[BlackFideId "364398"]
[WhiteElo "2270"]
[BlackElo "2254"]
[Result "1-0"]
[Round "02"]
[TimeControl "180+1"]
[Date "2022.11.23"]
[WhiteClock "0:00:06"]
[BlackClock "0:00:03"]

1. e4 c6 2. d4 d5 3. e5 Bf5 4. Nd2 e6 5. Nb3 Nd7 6. Nf3 h6 7. Be2 Ne7 8. O-O g5 9. a4 Bg7 10. a5 a6 11. Bd2 O-O 12. Bb4 f6 13. exf6 Rxf6 14. Bd6 Ng6 15. Re1 Qe8 16. Nc5 Nxc5 17. dxc5 Qe7 18. c3 Qf7 19. Qd2 Be4 20. Bd1 Re8 21. Ne5 Nxe5 22. Bxe5 Rg6 23. Bxg7 Rxg7 24. Bg4 Bf5 25. Qe2 e5 26. Qf3 Bg6 27. Qxf7+ Rxf7 28. g3 Rfe7 29. Rad1 Kg7 30. Kg2 h5 31. Be2 Kf6 32. Rh1 g4 33. f3 gxf3+ 34. Bxf3 e4 35. Be2 e3 36. Rhf1+ Kg7 37. Rde1 Be4+ 38. Bf3 e2 39. Rf2 Bd3 40. Bxh5 Rh8 41. Bxe2 Rhe8 42. Bxd3 Rxe1 43. h4 R8e3 44. Bf5 R1e2 45. g4 Rxf2+ 46. Kxf2 Rh3 47. h5 Rh2+ 48. Ke3 Kf6 49. b4 Rh3+ 50. Kd4 Rh4 51. Bc8 Kg5 52. Ke5 Rh3 53. Bxb7 Rxc3 54. Bxc6 Rb3 55. Bxd5 Rxb4 56. c6 Rb2 57. c7 Rc2 58. Kd6 Kxg4 59. Bc6 Rd2+ 60. Kc5 Rc2+ 61. Kb6 Rb2+ 62. Kxa6 1-0


[Site "https://www.chess.com"]

[Event "Titled Tuesday Blitz November 22 Late 2022"]
[White "Bilan, Danila"]
[Black "Baltaci, Ismail Tarik"]
[WhiteFideId "24161918"]
[BlackFideId "6365213"]
[WhiteElo "2173"]
[BlackElo "2319"]
[Result "0-1"]
[Round "02"]
[TimeControl "180+1"]
[Date "2022.11.23"]
[WhiteClock "0:00:07"]
[BlackClock "0:00:41"]

1. d4 d5 2. Nf3 Nf6 3. c4 dxc4 4. e3 e6 5. Bxc4 a6 6. a4 c5 7. O-O Nc6 8. Nc3 cxd4 9. exd4 Be7 10. Bf4 O-O 11. Rc1 Nb4 12. Ne5 Nfd5 13. Bg3 Bf6 14. Ne4 Bd7 15. Qb3 Bxe5 16. dxe5 Bc6 17. Nd6 Qd7 18. a5 Rab8 19. f4 b5 20. axb6 Rxb6 21. Bf2 Rbb8 22. Bc5 Bb5 23. Nxb5 axb5 24. Bxd5 Nxd5 25. Bxf8 Rxf8 26. Qa3 Rb8 27. Qc5 g6 28. g3 b4 29. Rfd1 Rd8 30. Kf2 h5 31. Rd4 h4 32. g4 Qa4 33. Rcd1 Qb3 34. R1d2 Qh3 35. g5 Qxh2+ 36. Ke1 Qg1+ 37. Ke2 Nxf4+ 38. Kf3 Nd5 39. Rxd5 Qg3+ 40. Ke2 exd5 41. Qe7 Rc8 42. e6 Qg4+ 43. Kd3 Qe4# 0-1


[Site "https://www.chess.com"]

[Event "Titled Tuesday Blitz November 22 Late 2022"]
[White "Bluebaum, Matthias"]
[Black "Zhang, Derek"]
[WhiteFideId "24651516"]
[BlackFideId "2087871"]
[WhiteElo "2633"]
[BlackElo "2087"]
[Result "1-0"]
[Round "02"]
[TimeControl "180+1"]
[Date "2022.11.23"]
[WhiteClock "0:01:48"]
[BlackClock "0:00:02"]

1. d4 d6 2. Nf3 f5 3. c4 Nf6 4. Nc3 g6 5. e3 Bg7 6. b4 O-O 7. Bb2 c6 8. Be2 Qc7 9. O-O e5 10. dxe5 dxe5 11. c5 Be6 12. Ng5 Qe7 13. Qd6 Qxd6 14. cxd6 Bd5 15. Nxd5 Nxd5 16. Ne6 Re8 17. Nc5 b6 18. d7 Rd8 19. Ne6 Rxd7 20. Nxg7 Kxg7 21. Bxe5+ Kf7 22. a3 Re7 23. Bd6 Re6 24. Bg3 f4 25. Bh4 h6 26. Bg4 Re8 27. exf4 Nxf4 28. Rfe1 Na6 29. Bg3 Nd5 30. Rxe8 Kxe8 31. Re1+ Kf7 32. Bd7 Ne7 33. Bd6 Nf5 34. Bxc6 Nxd6 35. Bxa8 Nc7 36. Bc6 Kf6 37. g3 Ne6 38. f4 Nd4 39. Rd1 N6f5 40. Be4 Ne2+ 41. Kf2 Nc3 42. Re1 Nd6 43. Bd3 1-0


[Site "https://www.chess.com"]

[Event "Titled Tuesday Blitz November 22 Late 2022"]
[White "Bogaudinov, Rushan"]
[Black "Janaszak, Dawid"]
[WhiteFideId "4129288"]
[BlackFideId "1119206"]
[WhiteElo "1997"]
[BlackElo "2226"]
[Result "0-1"]
[Round "02"]
[TimeControl "180+1"]
[Date "2022.11.23"]
[WhiteClock "0:00:34"]
[BlackClock "0:01:10"]

1. d4 Nf6 2. c4 g6 3. Nc3 Bg7 4. g3 O-O 5. Bg2 Nc6 6. Nf3 d6 7. Bf4 Bg4 8. O-O Bxf3 9. Bxf3 Nd7 10. Be3 e5 11. d5 Ne7 12. Bg2 f5 13. f4 Kh8 14. Qc2 Ng8 15. b4 a5 16. a3 Ngf6 17. h3 Nh5 18. Kh2 exf4 19. Bxf4 Nxf4 20. gxf4 Qf6 21. Nb5 axb4 22. a4 Qe7 23. Nxc7 Rac8 24. Ne6 Bxa1 25. Rxa1 Rfe8 26. Rb1 Qf6 27. Rxb4 Nc5 28. Nxc5 Rxc5 29. Rxb7 Qd4 30. Qb2 Rxc4 31. Qxd4+ Rxd4 32. Rd7 Rxe2 33. Kg3 Rd3+ 0-1


[Site "https://www.chess.com"]

[Event "Titled Tuesday Blitz November 22 Late 2022"]
[White "Bortnyk, Olexandr"]
[Black "Fernandez De La Vara, Arnaldo"]
[WhiteFideId "14120828"]
[BlackFideId "3518388"]
[WhiteElo "2723"]
[BlackElo "2387"]
[Result "1-0"]
[Round "02"]
[TimeControl "180+1"]
[Date "2022.11.22"]
[WhiteClock "0:01:26"]
[BlackClock "0:00:20"]

1. e4 c5 2. c3 d5 3. exd5 Qxd5 4. d4 Nc6 5. Be3 cxd4 6. cxd4 e6 7. Nc3 Bb4 8. Nf3 Nf6 9. Bd3 O-O 10. O-O Bxc3 11. bxc3 b6 12. Qe2 Bb7 13. Rab1 Rfd8 14. Rb5 Qd6 15. Rg5 Ne7 16. Ne5 Ng6 17. f4 Ne4 18. Rh5 Nxc3 19. Qg4 Ne4 20. Nxf7 Kxf7 21. f5 Nf6 22. fxg6+ Kg8 23. Rxf6 gxf6 24. Rxh7 Qd5 25. Rh8+ Kg7 26. Rh7+ Kg8 27. g7 f5 28. Rh8+ Kf7 29. Qh5+ Ke7 30. Qg5+ Kf7 31. g8=Q+ Rxg8 32. Rh7+ 1-0


[Site "https://www.chess.com"]

[Event "Titled Tuesday Blitz November 22 Late 2022"]
[White "Boruchovsky, Avital"]
[Black "Richter, Paul"]
[WhiteFideId "2800055"]
[BlackFideId "2046350"]
[WhiteElo "2458"]
[BlackElo "2550"]
[Result "1-0"]
[Round "02"]
[TimeControl "180+1"]
[Date "2022.11.23"]
[WhiteClock "0:01:06"]
[BlackClock "0:00:35"]

1. c4 Nf6 2. Nc3 g6 3. e4 d6 4. d4 Bg7 5. Be2 O-O 6. h4 h5 7. Nh3 c5 8. d5 e6 9. Ng5 exd5 10. exd5 Re8 11. Bf4 a6 12. Qd2 Bf5 13. f3 Qe7 14. O-O Nh7 15. Rae1 Bd4+ 16. Kh1 Nxg5 17. Bxg5 Be3 18. Qxe3 Qxe3 19. Bxe3 Rxe3 20. g4 hxg4 21. fxg4 Bd7 22. Bf3 Rxe1 23. Rxe1 Kf8 24. Ne4 b5 25. Nxd6 bxc4 26. Nxc4 Ra7 27. h5 gxh5 28. gxh5 Bb5 29. Nd6 Nd7 30. Re8+ Kg7 31. Re7 1-0


[Site "https://www.chess.com"]

[Event "Titled Tuesday Blitz November 22 Late 2022"]
[White "Burke, Paul"]
[Black "Remolar Gallen, Jose"]
[WhiteFideId "2605767"]
[BlackFideId "2215187"]
[WhiteElo "1904"]
[BlackElo "2252"]
[Result "0-1"]
[Round "02"]
[TimeControl "180+1"]
[Date "2022.11.23"]
[WhiteClock "0:01:20"]
[BlackClock "0:01:51"]

1. e4 c5 2. d4 cxd4 3. c3 Nf6 4. Bd3 Nc6 5. Nf3 d5 6. exd5 Qxd5 7. cxd4 Bg4 8. Be2 e6 9. Nc3 Bb4 10. Be3 O-O 11. O-O Qa5 12. h3 Bh5 13. Qb3 Rfd8 14. Rfd1 Rac8 15. a3 Bxc3 16. bxc3 Qc7 17. Rab1 Na5 18. Qb4 Nd5 0-1


[Site "https://www.chess.com"]